 Dungeon Crawl Stone Soup version 0.29-a0-393-g47a863cc1b (webtiles) character file.

Game seed: 14601616684157853068

120 NinjaNoafa the Ruffian (level 4, 0/45 HPs)
             Began as a Troll Fighter on May 9, 2022.
             Splashed by a jelly's acid (7 damage)
             ... in a sewer.
             The game lasted 00:02:33 (1773 turns).

NinjaNoafa the Ruffian (Troll Fighter)              Turns: 1773, Time: 00:02:34

Health: 0/45       AC:  1    Str: 24    XL:     4   Next: 75%
Magic:  3/3        EV:  9    Int:  4    God:
Gold:   90         SH:  7    Dex: 11    Spells: 3/3 levels left

rFire   . . .      SeeInvis +     - Unarmed
rCold   . . .      Faith    +   b - +0 kite shield
rNeg    . . .      Spirit   .   a - +0 robe
rPois   .          Reflect  .   (helmet restricted)
rElec   .          Harm     .   n - +0 cloak
rCorr   .          Rampage  .   (gloves unavailable)
Will    .....                   (boots unavailable)
Stlth   +.........              l - amulet of faith
HPRegen 0.95/turn               q - ring of see invisible
MPRegen 0.08/turn               (no ring)

@: corroded, flying
A: large, unfitting armour, claws 3, regeneration 1, shaggy fur 1, tough skin 1
a: no special abilities


You were in a sewer.
You visited 1 branch of the dungeon, and saw 3 of its levels.
You also visited: Sewer.

You collected 90 gold pieces.

Inventory:

Missiles
 o - 5 javelins (quivered)
 p - 5 boomerangs
Armour
 a - a +0 robe (worn)
 b - a +0 kite shield (worn)
 n - a +0 cloak (worn)
Jewellery
 l - an amulet of faith (around neck)
 q - a ring of see invisible (left claw)
Scrolls
 e - a scroll of poison {unknown}
 h - 5 scrolls of identify {unknown}
 i - 2 scrolls of fear {unknown}
 j - a scroll of teleportation {unknown}
 k - a scroll of vulnerability {unknown}
 m - a scroll of blinking {unknown}
Potions
 c - a potion of might


   Skills:
 + Level 3.0 Fighting
 + Level 2.9 Dodging
 + Level 3.0 Shields
 * Level 3.5 Unarmed Combat


You had 3 spell levels left.
You didn't know any spells.
Your spell library was empty.

Dungeon Overview and Level Annotations

Branches:
Dungeon (3/15)              Sewer (1/1)

Altars:
Ashenzari

Shops:
D:2 =


Innate Abilities, Weirdness & Mutations

You are too large for most types of armour.
You have claws for hands.
Your natural rate of healing is unusually fast.
You are covered in fur. (AC +1)
You have tough skin. (AC +1)


Message History

The worm is heavily wounded.
You block the worm's attack.
You claw the worm!
The worm is almost dead.
There are monsters nearby!
You claw the worm!
You kill the worm!
The jelly quivers.
You see here a worm corpse.
You completely miss the jelly. The jelly hits you.
You are splashed with acid!
You scratch the jelly but do no damage. The acid corrodes you!
Your claws burn!
The jelly closely misses you.
You scratch the jelly.
Your claws burn!
The jelly is lightly wounded.
The jelly hits you.
You are splashed with acid!
You are too injured to fight recklessly!
You are too injured to fight recklessly!
q - a ring of see invisible (left claw)
You block the jelly's attack. The jelly attacks as you move away!
The jelly hits you. The acid corrodes you!
You are splashed with acid!
* * * LOW HITPOINT WARNING * * *
You enter the shallow water.
Moving in this stuff is going to be slow.
The jelly attacks as you move away! The jelly hits you.
* * * LOW HITPOINT WARNING * * *
You are splashed with acid!
* * * LOW HITPOINT WARNING * * *
The jelly closely misses you.
It was a potion of flight.
You feel very buoyant.
You fly up into the air.
The jelly hits you but does no damage.
It was a potion of magic.
Magic courses through your body. The jelly closely misses you.
As you read the scroll labelled PUHAYJ EQAFIC, it crumbles to dust.
The creatures around you are filled with an inner flame!
It was a scroll of immolation.
The jelly hits you.
* * * LOW HITPOINT WARNING * * *
You are splashed with acid!
You die...

####### ####
.≈...≈##### ##.≈##
...≈≈≈.≈.##..#≈.≈≈##
#####≈≈†..#≈.≈.†..≈#
###†..##.≈≈##≈≈#
##≈..##!##J≈≈#
#≈.≈≈###≈@.##
##≈...≈.≈≈## ####
##≈.≈.†≈## ≈..#
##≈...≈≈≈# ≈≈.#
#.≈.≈≈..≈≈# #≈.#
#.≈.#≈≈≈..≈.# #.≈#
#.≈.##.≈.##..≈ #..#
.≈..##≈.≈..##≈. #≈.#
..≈≈ ..#..# ≈≈


You could see a jelly (inner flame).

Vanquished Creatures
  An adder (D:3)
  A gnoll (D:2)
  4 river rats (Sewer)
  5 worms
  A dart slug (D:3)
  10 endoplasms
  4 giant cockroaches
  4 goblins
  3 hobgoblins (D:2)
  A kobold (D:2)
  A quokka (D:3)
  A ball python (Sewer)
  A bat (D:2)
  4 frilled lizards
  8 rats
49 creatures vanquished.

Notes
Turn   | Place    | Note
-------+----------+-------------------------------------------
     0 | D:1      | NinjaNoafa the Troll Fighter began the quest for the Orb.
     0 | D:1      | Reached XP level 1. HP: 22/22 MP: 0/0
    43 | D:1      | Found a faded altar of an unknown god.
   420 | D:1      | You fall into a shaft and drop 1 floor!
   566 | D:2      | Reached XP level 2. HP: 28/29 MP: 1/1
   756 | D:2      | Found Lozisar's Jewellery Emporium.
   799 | D:2      | Reached XP level 3. HP: 17/36 MP: 2/2
  1470 | D:3      | Found a broken altar of Ashenzari.
  1547 | D:3      | Found a glowing drain.
  1633 | Sewer    | Entered a sewer
  1697 | Sewer    | Reached XP level 4. HP: 33/44 MP: 3/3
  1773 | Sewer    | Splashed by a jelly's acid

Illustrated notes

Levels and vault maps discovered:
D:1:      dpeg_arrival_round_a, layout_loops_cross,
          hellmonk_ecumenical_altar_run_dry, minmay_split_cup_large
D:2:      layout_basic, serial_shops, nicolae_shop_waterfront,
          minmay_quadrilaterals
D:3:      layout_loops_ring, mainiacjoe_overflow_tiny_flanked,
          gup_sewer_entry_spiral
Sewer:    sewer_hellmonk_slimy_pipes

Skill      XL: |  1  2  3  4 |
---------------+-------------+-----
Unarmed Combat | 3 |  3.5
Fighting       | 3 |  3.0
Shields        | 3 |  3.0
Dodging        | |  2.9

Action                   |  1- 3 |  4- 6 || total
-------------------------+-------+-------++-------
Melee: Unarmed           |   119 |    35 ||   154
  Use: Potion            |       |     2 ||     2
       Scroll            |       |     1 ||     1
 Stab: Sleeping          |     2 |       ||     2
Armor: Robe              |    23 |     5 ||    28
Dodge: Dodged            |    25 |    20 ||    45
Block: Kite shield       |    37 |    12 ||    49

Table legend: (Time is in decaauts)
 A = Elapsed time spent in this place.
 B = Non-inter-level travel time spent in this place.
 C = Inter-level travel time spent in this place.
 D = Time resting spent in this place.
 E = Time spent auto-exploring this place.
 F = Levels seen in this place.
 G = Mean time per level.
                   A        B        C        D        E       F      G
               +--------+--------+--------+--------+--------+-----+--------+
         Total |   1853 |   1706 |    147 |      0 |   1226 |   4 |  463.2 |
       Dungeon |   1696 |   1549 |    147 |      0 |   1201 |   3 |  565.3 |
         Sewer |    156 |    156 |      0 |      0 |     25 |   1 |  156.0 |
               +--------+--------+--------+--------+--------+-----+--------+

Top non-repeatable levels by time:
     D:2: 911 daAuts
     D:1: 421 daAuts
     D:3: 363 daAuts
   Sewer: 156 daAuts
